 Dungeon Crawl Stone Soup version 0.28.0-45-g0d030f2227 (webtiles) character file.

Game seed: 15288200227402238953

84 NinjaNoafa the Skirmisher (level 4, -1/31 (41) HPs)
             Began as a Draconian Berserker on Apr 14, 2022.
             Was a Follower of Trog.
             Slain by a wight
             ... wielding a +2 mace
              (4 damage)
             ... on level 3 of the Dungeon.
             The game lasted 00:02:47 (2142 turns).

NinjaNoafa the Skirmisher (Draconian Berserker)     Turns: 2142, Time: 00:02:48

HP:   -1/31 (41)    AC:  5    Str: 21    XL:     4   Next: 24%
MP:   4/4           EV: 12    Int:  8    God:    Trog [*.....]
Gold: 97            SH:  3    Dex: 10    Spells: 3/3 levels left

rFire   . . .      SeeInvis .   a - +0 mace
rCold   . . .      Faith    .   c - +0 buckler
rNeg    . . .      Spirit   .   (armour unavailable)
rPois   .          Reflect  .   (helmet restricted)
rElec   .          Harm     .   (no cloak)
rCorr   .          Rampage  .   (no gloves)
Will    .....                   (no boots)
Stlth   +.........              (no amulet)
HPRegen 0.10/turn               (no ring)
MPRegen 0.09/turn               (no ring)

@: about to teleport, heavily drained
A: AC +5, unfitting armour, cold-blooded
a: Renounce Religion, Berserk


You were on level 3 of the Dungeon.
You worshipped Trog.
Trog was aware of your devotion.
You visited 1 branch of the dungeon, and saw 3 of its levels.

You collected 97 gold pieces.

Inventory:

Hand Weapons
 a - a +0 mace (weapon)
Armour
 c - a +0 buckler (worn)
Scrolls
 b - a scroll of teleportation
 d - a scroll of fog
 j - a scroll of brand weapon
 k - a scroll of vulnerability
Potions
 h - a potion of attraction


   Skills:
 + Level 4.6 Fighting
 - Level 3.0 Maces & Flails
 + Level 3.8 Dodging


You had 3 spell levels left.
You didn't know any spells.
Your spell library was empty.

Dungeon Overview and Level Annotations

Branches:
Dungeon (3/15)

Altars:


Innate Abilities, Weirdness & Mutations

Your plain brown scales are hard. (AC +5)
You cannot fit into any form of body armour.
You are cold-blooded and may be slowed by cold attacks.


Message History

Okay, then.
Okay, then.
You feel less attractive to monsters.
HP restored. 2 wights come into view.
Unknown command.
You completely miss the wight. You closely miss the wight.
The wight closely misses you.
You hit the wight.
You tail-slap the wight, but do no damage.
The wight is moderately damaged.
The wight hits you with a +0 short sword.
You feel drained.
You hit the wight but do no damage.
The wight is moderately damaged.
The wight hits you with a +0 short sword.
You feel drained.
You hit the wight but do no damage.
The wight is moderately damaged.
The wight closely misses you. The wight hits you with a +2 mace.
You feel drained.
You barely miss the wight. The wight hits you but does no damage.
The wight hits you with a +2 mace.
You feel drained.
You hit the wight.
Your tail-slap misses the wight.
The wight is lightly damaged.
The wight hits you with a +0 short sword.
You feel drained. The wight hits you with a +2 mace.
You feel drained.
Okay, then.
As you read the scroll of teleportation, it crumbles to dust.
You feel strangely unstable. The wight closely misses you. x2
You closely miss the wight.
The wight is lightly damaged.
The wight hits you with a +0 short sword.
* * * LOW HITPOINT WARNING * * *
You feel drained.
* * * LOW HITPOINT WARNING * * *
The wight hits you with a +2 mace.
* * * LOW HITPOINT WARNING * * *
The wight barely misses you. The wight hits you with a +2 mace.
You die...

#####+#.....#
#.#.#+###
####.#...#
#......###
#)##...#
#.###### #.#
.. #z#.##
#@z..# ######


You could see 2 wights.

Vanquished Creatures
  A wight (D:3)
  5 dart slugs
  2 bats
  5 endoplasms
  2 giant cockroaches (D:1)
  2 goblins (D:2)
  2 hobgoblins
  A kobold (D:1)
  A quokka (D:2)
  3 ball pythons (D:2)
  2 frilled lizards (D:1)
  9 rats
35 creatures vanquished.

Notes
Turn   | Place    | Note
-------+----------+-------------------------------------------
     0 | D:1      | NinjaNoafa the Draconian Berserker began the quest for the
                  | Orb.
     0 | D:1      | Reached XP level 1. HP: 19/19 MP: 1/1
   201 | D:1      | Reached XP level 2. HP: 27/27 MP: 2/2
   302 | D:1      | Found a faded altar of an unknown god.
  1004 | D:2      | Reached skill level 4 in Fighting
  1159 | D:2      | Reached XP level 3. HP: 33/33 MP: 3/3
  2021 | D:3      | Reached XP level 4. HP: 26/41 MP: 4/4
  2142 | D:3      | Slain by a wight

Illustrated notes

Levels and vault maps discovered:
D:1:      scummos_arrival_forest, layout_basic, shapermc_ecumenical_altar_ellora
D:2:      layout_loops_corners, minmay_vboxes
D:3:      layout_basic, old_standard_altar, grunt_ministairs_14, st_stairs_13,
          kennysheep_generic_room_14, uniq_natasha

Skill      XL: |  1  2 |
---------------+-------+-----
Dodging        | 3 |  3.8
Fighting       | 4 |  4.6
Maces & Flails | |  3.0

Action                   |  1- 3 |  4- 6 || total
-------------------------+-------+-------++-------
Melee: Mace              |    84 |     8 ||    92
       Tailslap          |     8 |     1 ||     9
  Use: Potion            |     4 |       ||     4
       Scroll            |       |     5 ||     5
 Stab: Sleeping          |     2 |       ||     2
Armor: Skin              |    19 |     1 ||    20
Dodge: Dodged            |    60 |     5 ||    65
Block: Buckler           |     9 |       ||     9
